 Dungeon Crawl Stone Soup version 0.27-a0-1557-g57f10a385c (webtiles) character file.

Game seed: 2423712097722259981

111 bilbop the Cutter (level 5, -2/49 HPs)
             Began as a Kobold Berserker on July 15, 2021.
             Was a Believer of Trog.
             Slain by an orc (4 damage)
             ... on level 4 of the Dungeon.
             The game lasted 00:08:36 (2799 turns).

bilbop the Cutter (Kobold Berserker)                Turns: 2799, Time: 00:08:36

Health: -2/49      AC:  2    Str: 15    XL:     5   Next: 15%
Magic:  6/6        EV: 16    Int:  9    God:    Trog [**....]
Gold:   130        SH:  0    Dex: 20    Spells: 4/4 levels left

rFire    . . .     SeeInvis .   a - +2 dagger (drain)
rCold    . . .     Faith    .   (shield restricted)
rNeg     . . .     Spirit   .   b - +0 animal skin
rPois    .         Reflect  .   (no helmet)
rElec    .         Harm     .   (no cloak)
rCorr    .         Rampage  .   (no gloves)
Will     +....                  (no boots)
Stlth    ..........             (no amulet)
HPRegen  0.16/turn              e - +6 ring of dexterity
MPRegen  0.10/turn              g - ring of willpower

@: berserking, very quick
A: small, no large weapons, nightstalker 3
a: Renounce Religion, Berserk, Trog's Hand


You were on level 4 of the Dungeon.
You worshipped Trog.
Trog was pleased with you.
You visited 1 branch of the dungeon, and saw 4 of its levels.

You collected 130 gold pieces.

Inventory:

Hand Weapons
 a - a +2 dagger of draining (weapon)
 c - a +0 short sword
Armour
 b - a +0 animal skin (worn)
Jewellery
 e - a +6 ring of dexterity (left hand)
 g - a ring of willpower (right hand)
Scrolls
 d - a scroll of teleportation {unknown}
 f - 4 scrolls of identify {unknown}
 h - a scroll of enchant armour {unknown}
 j - a scroll of holy word {unknown}
 k - a scroll of brand weapon {unknown}
 m - a scroll of enchant weapon {unknown}
Potions
 i - 2 potions of resistance {unknown}
 l - a potion of curing {unknown}
 n - 2 potions of invisibility {unknown}


   Skills:
 + Level 3.8 Fighting
 + Level 4.7 Short Blades
 + Level 2.2 Armour
 + Level 3.2 Dodging
 + Level 2.4 Stealth
 + Level 1.4 Invocations


You had 4 spell levels left.
You didn't know any spells.
Your spell library was empty.

Dungeon Overview and Level Annotations

Branches:
Dungeon (4/15)
 Temple: D:4-7

Altars:
Fedhas
Vehumet
Zin


Innate Abilities, Weirdness & Mutations

You are small and have problems with some larger weapons.
You are completely attuned to the shadows.


Message History

The helpless howler monkey fails to defend itself.
You impale the howler monkey!!
You kill the howler monkey!
Trog accepts your kill.
You have reached level 5!
You feel clever.
Magic restored.
An orc comes into view. It is wielding a +0 mace.
You see here 2 emerald potions.
An orc priest and an orc wizard come into view.
The orc priest is wielding a +1 dagger of holy wrath.
The orc hits you with a +0 mace.
You hit the orc wizard. You drain the orc wizard.
The orc wizard is heavily wounded.
The orc wizard hits you with a +0 dagger.
The orc hits you with a +0 mace.
You hit the orc but do no damage.
The orc wizard gestures at you while chanting.
The magic dart hits you!
You are too injured to fight recklessly!
You are too injured to fight recklessly!
A red film seems to cover your vision as you go berserk!
You feel yourself moving faster!
You feel mighty! The orc hits you with a +0 mace!
* * * LOW HITPOINT WARNING * * *
You hit the orc.
The orc is almost dead.
You closely miss the orc wizard.
The orc wizard is moderately wounded.
The orc hits you with a +0 mace.
* * * LOW HITPOINT WARNING * * *
The orc wizard casts a spell at you. The magic dart hits you.
* * * LOW HITPOINT WARNING * * *
You closely miss the orc wizard.
The orc wizard is moderately wounded.
You puncture the orc wizard!
The orc wizard is almost dead.
The orc hits you with a +0 mace.
You die...

#.# #.##.##
#.#### #..#
#####+##....#
##.#
#<.......##.#
###.#
..#.......# #
#....
#o#..!....#
#.##.
#.#.......# #.
#.
###.#o......#
# ##
....o@........
###.##########
#+


You could see an orc wizard (drained) and an orc.

Vanquished Creatures
  A howler monkey (D:4)
  An adder (D:2)
  2 dart slugs (D:3)
  An orc (D:3)
  4 ball pythons
  12 bats
  4 endoplasms
  6 giant cockroaches
  4 hobgoblins
  7 jackals (D:1)
  A quokka (D:1)
  A goblin (D:1)
  5 kobolds
  4 rats
53 creatures vanquished.

Notes
Turn   | Place    | Note
-------+----------+-------------------------------------------
     0 | D:1      | bilbop the Kobold Berserker began the quest for the Orb.
     0 | D:1      | Reached XP level 1. HP: 14/14 MP: 1/1
   207 | D:1      | Reached XP level 2. HP: 19/19 MP: 2/2
   250 | D:1      | Reached skill level 1 in Stealth
   363 | D:1      | Reached XP level 3. HP: 20/23 MP: 3/3
  1205 | D:2      | Reached skill level 1 in Invocations
  1262 | D:2      | Reached ** piety under Trog
  1421 | D:2      | Found a faded altar of an unknown god.
  1576 | D:2      | Reached XP level 4. HP: 28/28 MP: 4/4
  2057 | D:3      | Found a glowing silver altar of Zin.
  2077 | D:3      | Found a radiant altar of Vehumet.
  2430 | D:3      | Found a blossoming altar of Fedhas.
  2767 | D:4      | Reached XP level 5. HP: 33/33 MP: 4/6
  2797 | D:4      | HP: 2/49 [orc wizard/magic dart (6)]
  2799 | D:4      | Slain by an orc

Illustrated notes

Levels and vault maps discovered:
D:1:      elethiomel_arrival_quiet, layout_loops_corners, minmay_tromino_v4_c
D:2:      layout_basic, ebering_ecumenical_altar_petrified,
          hangedman_decor_slide_cut, minmay_misc_feat_x
D:3:      layout_basic, grunt_temple_overflow_open, fedhas_altar_1,
          palyth_stone_intersect
D:4:      layout_basic, nicolae_ossuary_entry_plus, uniq_edmund

Skill      XL: |  1  2  3  4 |
---------------+-------------+-----
Stealth        | 1 2 |  2.4
Armour         | 2 |  2.2
Invocations    | 1 |  1.4
Dodging        | 3 |  3.2
Fighting       | |  3.8
Short Blades   | |  4.7

Action                   |  1- 3 |  4- 6 || total
-------------------------+-------+-------++-------
Melee: Dagger            |    61 |    55 ||   116
       Short sword       |     2 |       ||     2
Invok: Berserk           |       |     1 ||     1
 Stab: Sleeping          |    16 |     4 ||    20
       Distracted        |       |     1 ||     1
Armor: Animal skin       |     3 |     8 ||    11
Dodge: Dodged            |    34 |    33 ||    67

Table legend: (Time is in decaauts)
 A = Elapsed time spent in this place.
 B = Non-inter-level travel time spent in this place.
 C = Inter-level travel time spent in this place.
 D = Time resting spent in this place.
 E = Time spent auto-exploring this place.
 F = Levels seen in this place.
 G = Mean time per level.
                   A        B        C        D        E       F      G
               +--------+--------+--------+--------+--------+-----+--------+
         Total |   2770 |   2662 |    108 |      0 |   2359 |   4 |  692.5 |
       Dungeon |   2770 |   2662 |    108 |      0 |   2359 |   4 |  692.5 |
               +--------+--------+--------+--------+--------+-----+--------+

Top non-repeatable levels by time:
     D:1: 1111 daAuts
     D:2: 898 daAuts
     D:3: 661 daAuts
     D:4: 99 daAuts
